 Dungeon Crawl Stone Soup version 0.22-a0-305-gd21a89c (webtiles) character file.

12856 esteth the Severer (level 11, -7/105 HPs)
             Began as a Minotaur Fighter on Mar 15, 2018.
             Was a High Priest of Okawaru.
             Mangled by a ten-headed hydra (11 damage)
             ... on level 10 of the Dungeon on Mar 29, 2018.
             The game lasted 00:26:45 (11475 turns).

esteth the Severer (Minotaur Fighter)              Turns: 11475, Time: 00:26:46

Health: -7/105     AC: 18    Str: 21    XL:     11   Next: 67%
Magic:  12/12      EV:  5    Int:  5    God:    Okawaru [*****.]
Gold:   279        SH: 14    Dex: 13    Spells: 10/10 levels left

rFire    + . .     SeeInvis .   a - +0 war axe
rCold    . . .     Gourm    .   c - +0 shield
rNeg     . . .     Faith    .   x - +2 plate armour
rPois    .         Spirit   .   (helmet restricted)
rElec    .         Reflect  +   i - +1 cloak
rCorr    .         Harm     .   (no gloves)
MR       .....                  (no boots)
Stlth    ..........             u - +4 amulet of reflection
HPRegen  0.27/turn              (no ring)
MPRegen  0.13/turn              (no ring)

@: no status effects
A: retaliatory headbutt, horns 2, icy blue scales 1, fire resistance 1
a: Heroism, Finesse, Renounce Religion


You were on level 10 of the Dungeon.
You worshipped Okawaru.
Okawaru was extremely pleased with you.
You were hungry.

You visited 3 branches of the dungeon, and saw 12 of its levels.

You collected 474 gold pieces.
You spent 195 gold pieces at shops.

Inventory:

Hand Weapons
 a - a +0 war axe (weapon)
Missiles
 d - 3 javelins (quivered)
Armour
 b - a +0 scale mail
 c - a +0 shield (worn)
 i - a +1 cloak (worn)
 x - a +2 plate armour (worn)
Jewellery
 l - an uncursed amulet of faith
 u - a +4 amulet of reflection (around neck)
Wands
 k - a wand of disintegration (11)
 y - a wand of acid (7)
Scrolls
 e - 2 scrolls of holy word {unknown}
 g - 3 scrolls of teleportation {unknown}
 m - 8 scrolls of identify
 n - 6 scrolls of remove curse
 o - 2 scrolls of blinking {unknown}
 p - a scroll of immolation
 q - a scroll of enchant weapon {unknown}
 s - 6 scrolls of amnesia {unknown}
 v - a scroll of torment {unknown}
Potions
 j - 4 potions of curing
 r - a potion of degeneration
 w - a potion of mutation
 z - 2 potions of lignification
 B - a potion of berserk rage {unknown}
Comestibles
 f - 20 rations


   Skills:
 + Level 12.4 Fighting
 - Level 16.0 Axes
 - Level 5.3 Armour
 - Level 3.3 Dodging
 - Level 5.0 Shields
 + Level 3.8 Evocations


You had 10 spell levels left.
You didn't know any spells.

Dungeon Overview and Level Annotations

Branches:
Dungeon (10/15)            Temple (1/1) D:7            Lair (1/6) D:10
    Orc (0/2) D:10

Altars:
Ashenzari
Cheibriados
Dithmenos
Elyvilon
Fedhas
Gozag
Hepliaklqana
Kikubaaqudgha
Makhleb
Nemelex Xobeh
Okawaru
Qazlal
Ru
Sif Muna
Trog
Uskayaw
Vehumet
Wu Jian
Xom
Yredelemnul
Zin
The Shining One

Shops:
D:5 %   D:7 ([   D:10 *

Annotations:
D:8 1 runed door, exclusion: 4 orange crystal statues


Innate Abilities, Weirdness & Mutations

You reflexively headbutt those who attack you in melee.
You have a pair of horns on your head.
You are partially covered in icy blue scales. (AC +2)
Your flesh is heat resistant. (rF+)


Message History

* * * LOW HITPOINT WARNING * * *
You block the nine-headed hydra's attack. x2
The nine-headed hydra bites you.
* * * LOW HITPOINT WARNING * * *
The nine-headed hydra barely misses you.
The nine-headed hydra bites you but does no damage.
You block the nine-headed hydra's attack.
The nine-headed hydra bites you!
* * * LOW HITPOINT WARNING * * *
You slice one of the nine-headed hydra's heads off!
The eight-headed hydra grows two more!
You hit the ten-headed hydra.
Your headbutt misses the ten-headed hydra.
The ten-headed hydra is heavily wounded.
The ten-headed hydra bites you!
* * * LOW HITPOINT WARNING * * *
The ten-headed hydra bites you.
* * * LOW HITPOINT WARNING * * *
You block the ten-headed hydra's attack. x2
The ten-headed hydra bites you!
You die...

.#######.......................##
.................................
.......#..........#####..........
.#####.#.......≈≈.# ############
.# #.....≈...≈..# #.)...# .#
##....≈...≈≈.# #.###.###### .#
#.......≈≈≈.# #...#....... .#
#.......≈≈..## ###.######## .#
#........D@..# #...#....... .#
##...)..∩....# #.###.###### .#
#...........# #.#....#.... .#
#.####[.###.###......##... ##
#..##...###.......##...[..
##.#....#......####.......
##......#.........#.######
#..............##.#..#
########..............##.##.#


You could see a ten-headed hydra.

Vanquished Creatures
  A two-headed ogre (D:10)
  The ghost of darksquall the Grappler, a novice TrHu of Yredelemnul (D:9)
  Urug (D:10)
  A spiny frog (Lair:1)
  Joseph (D:8)
  A rime drake (Lair:1)
  A komodo dragon (D:10)
  A troll (shapeshifter) (D:10)
  2 hippogriffs
  8 blink frogs (Lair:1)
  A hornet (D:10)
  Eustachio (D:6)
  A wraith (D:10)
  8 yaks
  A steam dragon (D:8)
  A hungry ghost (D:7)
  A porcupine (Lair:1)
  4 sky beasts
  7 orc warriors
  6 ice beasts
  A necrophage (D:7)
  10 ogres
  A centaur (D:10)
  A crocodile (Lair:1)
  3 big kobolds
  6 bullfrogs
  A gnoll sergeant (D:10)
  A water moccasin skeleton (D:4)
  3 scorpions
  6 killer bees
  7 wights
  A howler monkey (D:8)
  A bullfrog zombie (D:6)
  5 crimson imps
  A quasit (D:5)
  5 hounds
  7 orc priests
  3 jellies
  9 orc wizards
  2 bullfrog skeletons
  3 iguanas
  6 worker ants
  A hound skeleton (D:4)
  6 adders
  12 gnolls
  2 shadow imps
  2 oozes
  An adder zombie (D:7)
  2 worms (D:2)
  6 dart slugs
  5 leopard geckos
  37 orcs
  2 ball pythons (D:4)
  10 giant cockroaches
  8 goblins
  9 hobgoblins
  2 jackals (D:1)
  21 kobolds
  5 quokkas
  7 bats
  6 frilled lizards
  A giant cockroach zombie (D:6)
  3 jackal skeletons
  A leopard gecko skeleton (D:4)
  A quokka zombie (D:5)
  5 rats
  A spectral orc (D:4)
288 creatures vanquished.

Vanquished Creatures (others)
  An orc warrior (D:9)
  2 centaurs
  3 kobolds
6 creatures vanquished.

Grand Total: 294 creatures vanquished

Notes
Turn   | Place    | Note
-------+----------+-------------------------------------------
     0 | D:1      | esteth the Minotaur Fighter began the quest for the Orb.
     0 | D:1      | Reached XP level 1. HP: 19/19 MP: 0/0
    22 | D:1      | Reached skill level 3 in Axes
    34 | D:1      | Reached XP level 2. HP: 19/26 MP: 1/1
   193 | D:1      | Reached skill level 4 in Axes
   223 | D:1      | Reached XP level 3. HP: 17/31 MP: 2/2
   763 | D:2      | Reached skill level 5 in Axes
   803 | D:2      | Reached XP level 4. HP: 38/39 MP: 3/3
   938 | D:2      | Found a bloodstained altar of Trog.
  1317 | D:3      | Reached skill level 6 in Axes
  1521 | D:3      | Reached XP level 5. HP: 45/45 MP: 4/4
  1574 | D:3      | Found a shimmering altar of Xom.
  1846 | D:4      | Reached skill level 7 in Axes
  2181 | D:4      | Noticed an ogre
  2186 | D:4      | Killed an ogre
  2186 | D:4      | Reached skill level 8 in Axes
  2186 | D:4      | Reached XP level 6. HP: 51/51 MP: 5/5
  2187 | D:4      | Found a blossoming altar of Fedhas.
  2466 | D:4      | Found a basalt altar of Yredelemnul.
  2494 | D:4      | Found a shadowy altar of Dithmenos.
  2614 | D:4      | Reached skill level 9 in Axes
  2633 | D:4      | Reached XP level 7. HP: 31/57 MP: 6/6
  2947 | D:4      | Reached skill level 10 in Axes
  3212 | D:5      | Entered Level 5 of the Dungeon
  3213 | D:5      | Upgraded the game from 0.22-a0-278-g8f80174 to 0.22-a0-305-gd21a89c
  3213 | D:5      | die
  3318 | D:5      | Found a blossoming altar of Fedhas.
  3457 | D:5      | Found Durreumn's Food Boutique.
  3543 | D:5      | Reached skill level 11 in Axes
  3543 | D:5      | Reached XP level 8. HP: 41/64 MP: 7/7
  3879 | D:5      | Reached skill level 12 in Axes
  4409 | D:6      | Reached skill level 13 in Axes
  4568 | D:6      | Noticed Eustachio
  4583 | D:6      | Killed Eustachio
  4620 | D:6      | Found a stormy altar of Qazlal.
  4876 | D:7      | Reached XP level 9. HP: 16/70 MP: 8/8
  5208 | D:7      | Found a glowing golden altar of the Shining One.
  5222 | D:7      | Found a staircase to the Ecumenical Temple.
  5224 | D:7      | Found Becotsa's Weapon Emporium.
  5227 | Temple   | Entered the Ecumenical Temple
  5236 | Temple   | Became a worshipper of Warmaster Okawaru
  5362 | D:7      | Found Agasefo's Antique Armour Shop.
  5505 | D:7      | Bought an embroidered cloak for 195 gold pieces
  5544 | D:7      | Reached skill level 14 in Axes
  5881 | D:7      | Found a glowing golden altar of the Shining One.
  6026 | D:7      | Reached * piety under Okawaru
  6314 | D:8      | Found a runed door.
  6320 | D:8      | Reached skill level 15 in Axes
  6325 | D:8      | Noticed an orange crystal statue
  6326 | D:8      | Found the +10 large shield of Ignorance {rN+ Int-4}
  6337 | D:8      | Found a runed door.
  6374 | D:8      | Noticed an orange crystal statue
  6374 | D:8      | Noticed an orange crystal statue
  6374 | D:8      | Noticed an orange crystal statue
  6877 | D:8      | Noticed Joseph
  6895 | D:8      | Killed Joseph
  6895 | D:8      | Reached skill level 5 in Fighting
  7294 | D:8      | Reached ** piety under Okawaru
  7383 | D:8      | Reached XP level 10. HP: 83/83 MP: 9/9
  7975 | D:9      | Noticed darksquall's ghost (novice TrHu)
  8009 | D:9      | Gained mutation: You are partially covered in icy blue scales. (AC +2) [potion of mutation]
  8009 | D:9      | Gained mutation: Your flesh is heat resistant. (rF+) [potion of mutation]
  8031 | D:9      | Killed darksquall's ghost
  8031 | D:9      | Reached skill level 16 in Axes
  8507 | D:9      | Reached *** piety under Okawaru
  8571 | D:9      | Found an ornate altar of the Wu Jian Council.
  8657 | D:10     | Entered Level 10 of the Dungeon
  8690 | D:9      | Reached skill level 5 in Shields
  9057 | D:10     | Reached **** piety under Okawaru
  9075 | D:10     | Reached skill level 10 in Fighting
  9076 | D:10     | Found Cediw's General Store.
  9126 | D:10     | Noticed Urug
  9166 | D:10     | Killed Urug
  9489 | D:10     | Reached XP level 11. HP: 47/101 MP: 10/10
  9492 | D:10     | Reached skill level 1 in Dodging
  9498 | D:10     | Noticed a two-headed ogre
  9532 | D:10     | Killed a two-headed ogre
 10194 | D:10     | Found a staircase to the Lair.
 10262 | D:10     | Reached skill level 5 in Armour
 10271 | D:10     | Reached ***** piety under Okawaru
 10504 | D:10     | Found a staircase to the Orcish Mines.
 10635 | Lair:1   | Entered Level 1 of the Lair of Beasts
 10710 | Lair:1   | Reached skill level 1 in Evocations
 11170 | Lair:1   | Found a shadowy altar of Dithmenos.
 11396 | Lair:1   | Noticed a six-headed hydra
 11475 | D:10     | HP: 4/105 [ten-headed hydra (4)]
 11475 | D:10     | Mangled by a ten-headed hydra

Vault maps used:
D:1:      minmay_arrival_shattered_statue
D:2:      serial_forest, infiniplex_forest_3_way,
          infiniplex_forest_clump_curved, infiniplex_forest_clump_curved,
          infiniplex_forest_end_double, infiniplex_forest_clump_C,
          infiniplex_forest_clump_small, infiniplex_forest_zigzag_1, bloody_trog
D:3:      tgw_xom
D:4:      grunt_dithmenos_smoke_and_mirrors,
          yredelemnul_forgotten_temple_becter, grunt_ministairs_8,
          fedhas_altar_1
D:5:      nicolae_overflow_hidden_temple, serial_shops, shop, first_ration
D:6:      nicolae_qazlal_eye_of_the_storm, uniq_eustachio
D:7:      tso_metal_star, minmay_temple_entry_statues_pillars,
          serial_column_ruins, column_ruins_temple_circle, column_ruins_hut,
          column_ruins_columns_corner, column_ruins_grid_3,
          column_ruins_open_tiny, column_ruins_open_medium, serial_shops, shop,
          shop, grunt_ogre_cave
D:8:      chequers_guarded_unrand_ignorance, uniq_joseph
D:9:      kennysheep_little_box
D:10:     david_orc_4, serial_shops, shop, grunt_ministairs_7,
          kennysheep_decorative_pillar, minmay_hedge_maze, uniq_urug
Temple:   regret_index_temple_waves
Lair:1:   basic_altar, serial_bayou_shore_b

Skill      XL: |  1  2  3  4  5  6  7  8  9 10 11 |
---------------+----------------------------------+-----
Axes           | 3 4 5 6 8 9 11 13 15 16 | 16.0
Fighting       | 6 10 12 | 12.4
Shields        | 5 |  5.0
Dodging        | 3 |  3.3
Armour         | 5 |  5.3
Evocations     | 3 |  3.8

Action                   |  1- 3 |  4- 6 |  7- 9 | 10-12 || total
-------------------------+-------+-------+-------+-------++-------
Melee: War axe           |    94 |    92 |   318 |   424 ||   928
       Headbutt          |     7 |    15 |    64 |    86 ||   172
Throw: Javelin           |       |       |       |     1 ||     1
Invok: Heroism           |       |       |       |     3 ||     3
Evoke: Wand              |       |       |       |     3 ||     3
  Use: Scroll            |     1 |     1 |     5 |       ||     7
       Potion            |       |       |     4 |    15 ||    19
  Eat: Chunk             |       |     6 |     8 |     9 ||    23
       Ration            |       |       |     3 |     1 ||     4
Armor: Scale mail        |    51 |    18 |    20 |       ||    89
       Plate armour      |       |       |   124 |   198 ||   322
       Skin              |       |       |       |     2 ||     2
Dodge: Dodged            |    37 |    20 |    36 |    63 ||   156
Block: Shield            |    45 |    44 |   202 |   276 ||   567
       Reflection        |       |       |     4 |    24 ||    28

Table legend:
 A = Spawn XP
 B = Non-spawn XP
 C = Spawn XP percentage of total XP
 D = Spawn monster count
 E = Non-spawn monster count
 F = Spawn count percentage of total count
 G = Total turns spent on level
                    A         B        C        D         E        F      G
               +---------+---------+-------+---------+---------+-------+---------
         Total |       0 |   18366 |   0.0 |       0 |     292 |   0.0 | 11475
               +---------+---------+-------+---------+---------+-------+---------
           D:1 |       0 |      60 |   0.0 |       0 |      30 |   0.0 |   543
           D:2 |       0 |      68 |   0.0 |       0 |      19 |   0.0 |   686
           D:3 |       0 |      80 |   0.0 |       0 |      16 |   0.0 |   608
           D:4 |       0 |     795 |   0.0 |       0 |      23 |   0.0 |  1375
           D:5 |       0 |     881 |   0.0 |       0 |      20 |   0.0 |  1043
           D:6 |       0 |     830 |   0.0 |       0 |      19 |   0.0 |   506
           D:7 |       0 |    1376 |   0.0 |       0 |      28 |   0.0 |  1357
           D:8 |       0 |    1800 |   0.0 |       0 |      31 |   0.0 |  1343
           D:9 |       0 |    2576 |   0.0 |       0 |      29 |   0.0 |  1509
          D:10 |       0 |    5540 |   0.0 |       0 |      58 |   0.0 |  1570
        Lair:1 |       0 |    4360 |   0.0 |       0 |      19 |   0.0 |   813
               +---------+---------+-------+---------+---------+-------+---------
